[ AOE2 MATCH · #484943685 ]
UnrankedSicilians vs Berbers
Player's team · WIN
Rival team · LOSS
[ REPLAY ANALYSIS · EXTRACTED FROM THE RECORDED GAME ]
Feudal
8:59
Castle
21:03
Imperial
—
| APM avg | 80.2 |
| APM peak | 142 |
| eAPM avg | 35.6 |
| Villagers / military | 94 / 104 |
Focus
⚔️ 65.4% · 🌾 34.6%
Knight ×96 · Scout Cavalry ×5 · Spearman ×3
Feudal
—
Castle
—
Imperial
—
| APM avg | 68.1 |
| APM peak | 122 |
| eAPM avg | 30.8 |
| Villagers / military | 140 / 74 |
Focus
⚔️ 50.7% · 🌾 49.3%
Camel Scout ×58 · Knight ×6 · Monk ×4 · Scout Cavalry ×4 · Spearman ×2
Match map
Initial resources + every placement click. Lines = walls · curves = elevation contours. ◆ gold · ⬟ stone · ● berries · ✦ relic · ◌ wall gap
Your base· ✓ Closed at 21:03 · 32t walls · 1 gate(s)
Fabrizio 094455's base· ✓ Closed at 17:37 · 20t walls · 2 gate(s)
Smoothed initial terrain · ◌ = detected wall gap · hover for details
Inputs per minute
— PNAL | ChasQuiiX - - Fabrizio 094455
Build order — PNAL | ChasQuiiX
First 150 of 297 actions detected
| 0:00 | Queue | Villager (Male) |
| 0:00 | Queue | Villager (Male) |
| 0:00 | Queue | Villager (Male) |
| 0:01 | Queue | Villager (Male) |
| 0:02 | Build | House |
| 0:03 | Build | House |
| 1:31 | Queue | Villager (Male) |
| 1:51 | Queue | Villager (Male) |
| 1:55 | Build | Lumber Camp |
| 2:21 | Queue | Villager (Male) |
| 2:47 | Queue | Villager (Male) |
| 3:06 | Queue | Villager (Male) |
| 3:32 | Queue | Villager (Male) |
| 3:42 | Build | Mill |
| 3:53 | Queue | Villager (Male) |
| 3:53 | Queue | Villager (Male) |
| 4:09 | Queue | Villager (Male) |
| 4:22 | Queue | Villager (Male) |
| 4:27 | Build | House |
| 5:09 | Queue | Villager (Male) |
| 5:10 | Queue | Villager (Male) |
| 5:29 | Queue | Villager (Male) |
| 6:06 | Research | Loom |
| 6:49 | Research | Feudal Age |
| 6:49 | Research | Feudal Age |
| 7:47 | Build | House |
| 8:05 | Build | Barracks |
| 8:12 | Queue | Villager (Male) |
| 8:59 | Age | Feudal Age |
| 9:00 | Build | Stable |
| 9:06 | Queue | Spearman |
| 9:15 | Queue | Villager (Male) |
| 9:22 | Research | Double-Bit Axe |
| 9:23 | Queue | Villager (Male) |
| 9:33 | Queue | Villager (Male) |
| 9:39 | Build | House |
| 9:45 | Queue | Scout Cavalry |
| 9:45 | Queue | Scout Cavalry |
| 9:50 | Research | Horse Collar |
| 10:10 | Build | House |
| 10:11 | Build | Palisade Wall |
| 10:14 | Queue | Villager (Male) |
| 10:21 | Build | Mill |
| 10:25 | Queue | Spearman |
| 10:46 | Queue | Villager (Male) |
| 10:48 | Build | Farm |
| 11:01 | Queue | Spearman |
| 11:02 | Queue | Villager (Male) |
| 11:13 | Build | Farm |
| 11:14 | Build | Farm |
| 11:24 | Queue | Villager (Male) |
| 11:42 | Queue | Villager (Male) |
| 11:47 | Build | Farm |
| 11:48 | Build | Farm |
| 11:59 | Build | House |
| 11:59 | Build | Palisade Wall |
| 12:11 | Queue | Villager (Male) |
| 12:19 | Queue | Villager (Male) |
| 12:27 | Queue | Villager (Male) |
| 12:32 | Queue | Scout Cavalry |
| 12:41 | Queue | Villager (Male) |
| 12:43 | Build | Farm |
| 12:44 | Build | Farm |
| 13:01 | Queue | Scout Cavalry |
| 13:05 | Build | Palisade Wall |
| 13:09 | Build | Farm |
| 13:10 | Queue | Villager (Male) |
| 13:19 | Queue | Villager (Male) |
| 13:21 | Build | Farm |
| 13:22 | Build | Farm |
| 13:38 | Queue | Villager (Male) |
| 13:46 | Queue | Villager (Male) |
| 13:47 | Build | House |
| 13:48 | Build | House |
| 13:57 | Queue | Villager (Male) |
| 14:00 | Queue | Scout Cavalry |
| 14:05 | Build | Farm |
| 14:15 | Queue | Villager (Male) |
| 14:18 | Build | Farm |
| 14:19 | Queue | Villager (Male) |
| 14:31 | Build | House |
| 14:33 | Queue | Villager (Male) |
| 14:33 | Queue | Villager (Male) |
| 14:45 | Queue | Villager (Male) |
| 14:48 | Build | Farm |
| 14:49 | Build | Farm |
| 14:59 | Build | Farm |
| 15:12 | Build | House |
| 15:13 | Build | House |
| 15:20 | Queue | Villager (Male) |
| 15:27 | Build | Mining Camp |
| 15:40 | Queue | Villager (Male) |
| 15:43 | Build | House |
| 15:46 | Build | Palisade Wall |
| 15:46 | Build | Palisade Wall |
| 16:15 | Build | Farm |
| 16:15 | Queue | Villager (Male) |
| 17:24 | Build | Blacksmith |
| 17:45 | Queue | Villager (Male) |
| 18:12 | Research | Castle Age |
| 18:22 | Build | House |
| 18:23 | Build | House |
| 18:38 | Build | Palisade Wall |
| 19:06 | Build | Stable |
| 19:09 | Build | Stable |
| 19:11 | Research | Forging |
| 19:19 | Research | Gold Mining |
| 19:19 | Research | Gold Mining |
| 19:30 | Research | Scale Barding Armor |
| 19:31 | Research | Bloodlines |
| 19:43 | Queue | Villager (Male) |
| 19:47 | Build | Palisade Gate |
| 20:06 | Build | Farm |
| 20:07 | Build | Farm |
| 20:19 | Queue | Villager (Male) |
| 20:48 | Build | Lumber Camp |
| 21:03 | Age | Castle Age |
| 21:05 | Research | Husbandry |
| 21:05 | Research | Husbandry |
| 21:06 | Research | Chain Barding Armor |
| 21:06 | Research | Chain Barding Armor |
| 21:06 | Research | Iron Casting |
| 21:06 | Research | Iron Casting |
| 21:07 | Queue | Knight |
| 21:13 | Build | Farm |
| 21:15 | Build | Farm |
| 21:20 | Queue | Knight |
| 21:29 | Queue | Knight |
| 21:41 | Build | Farm |
| 21:46 | Build | Farm |
| 21:48 | Queue | Knight |
| 21:58 | Queue | Villager (Male) |
| 21:59 | Queue | Knight |
| 22:04 | Build | Farm |
| 22:05 | Build | House |
| 22:06 | Build | Farm |
| 22:16 | Queue | Villager (Male) |
| 22:26 | Build | House |
| 22:27 | Build | House |
| 22:40 | Build | House |
| 22:41 | Build | Palisade Wall |
| 22:42 | Queue | Knight ×2 |
| 22:43 | Queue | Villager (Male) |
| 22:47 | Build | House |
| 22:50 | Build | House |
| 22:55 | Queue | Knight |
| 23:02 | Queue | Villager (Male) |
| 23:09 | Queue | Villager (Male) |
| 23:19 | Queue | Knight |
| 23:32 | Queue | Knight |
Build order — Fabrizio 094455
First 150 of 357 actions detected
| 0:01 | Queue | Villager (Male) |
| 0:01 | Queue | Villager (Male) |
| 0:01 | Queue | Villager (Male) |
| 0:02 | Build | House |
| 0:04 | Build | House |
| 0:05 | Queue | Villager (Male) |
| 0:05 | Queue | Villager (Male) |
| 1:23 | Queue | Villager (Male) |
| 1:24 | Queue | Villager (Male) |
| 1:53 | Queue | Villager (Male) |
| 1:53 | Queue | Villager (Male) |
| 1:57 | Build | Lumber Camp |
| 2:23 | Queue | Villager (Male) |
| 2:23 | Queue | Villager (Male) |
| 2:55 | Queue | Villager (Male) |
| 2:55 | Queue | Villager (Male) |
| 2:55 | Queue | Villager (Male) |
| 2:55 | Queue | Villager (Male) |
| 3:24 | Build | House |
| 3:39 | Queue | Villager (Male) |
| 3:39 | Queue | Villager (Male) |
| 3:50 | Build | Mill |
| 3:57 | Queue | Villager (Male) |
| 3:57 | Queue | Villager (Male) |
| 4:32 | Queue | Villager (Male) |
| 5:04 | Queue | Villager (Male) |
| 5:04 | Queue | Villager (Male) |
| 5:13 | Queue | Villager (Male) |
| 5:50 | Build | Palisade Wall |
| 6:07 | Research | Loom |
| 6:45 | Research | Feudal Age |
| 6:45 | Research | Feudal Age |
| 7:06 | Build | House |
| 7:14 | Build | Palisade Wall |
| 7:30 | Build | Barracks |
| 7:34 | Queue | Villager (Male) |
| 8:18 | Build | Palisade Wall |
| 8:56 | Build | Stable |
| 8:58 | Research | Double-Bit Axe |
| 9:04 | Queue | Spearman |
| 9:16 | Queue | Villager (Male) |
| 9:24 | Queue | Villager (Male) |
| 9:28 | Research | Horse Collar |
| 9:36 | Queue | Scout Cavalry |
| 9:41 | Build | Palisade Gate |
| 9:43 | Build | Palisade Wall |
| 9:45 | Build | House |
| 9:59 | Queue | Villager (Male) |
| 10:05 | Build | Farm |
| 10:19 | Queue | Scout Cavalry |
| 10:24 | Build | House |
| 10:25 | Build | House |
| 10:41 | Queue | Spearman |
| 10:47 | Queue | Scout Cavalry |
| 10:50 | Queue | Villager (Male) |
| 10:57 | Build | Farm |
| 11:04 | Build | Mill |
| 11:20 | Queue | Villager (Male) |
| 11:23 | Build | Farm |
| 11:25 | Queue | Scout Cavalry |
| 11:27 | Build | House |
| 11:45 | Queue | Villager (Male) |
| 11:54 | Build | Farm |
| 12:13 | Build | Farm |
| 12:14 | Build | Farm |
| 12:27 | Queue | Villager (Male) |
| 12:43 | Queue | Villager (Male) |
| 12:43 | Queue | Villager (Male) |
| 12:48 | Build | Palisade Gate |
| 13:04 | Queue | Villager (Male) |
| 13:08 | Build | Farm |
| 13:11 | Build | Farm |
| 13:22 | Build | House |
| 13:23 | Build | House |
| 13:31 | Build | Farm |
| 13:48 | Queue | Villager (Male) |
| 13:50 | Queue | Villager (Male) |
| 13:52 | Build | Farm |
| 13:56 | Build | Farm |
| 14:10 | Queue | Villager (Male) |
| 14:23 | Build | House |
| 14:47 | Build | Mining Camp |
| 14:49 | Research | Wheelbarrow |
| 15:07 | Build | Palisade Wall |
| 15:07 | Build | Palisade Wall |
| 16:05 | Queue | Villager (Male) |
| 16:05 | Queue | Villager (Male) |
| 16:05 | Queue | Villager (Male) |
| 16:20 | Build | Market |
| 16:23 | Build | House |
| 16:33 | Build | Farm |
| 17:37 | Research | Castle Age |
| 17:37 | Research | Castle Age |
| 17:39 | Research | Gold Mining |
| 18:16 | Build | Stable |
| 18:56 | Research | Bloodlines |
| 18:56 | Research | Bloodlines |
| 19:08 | Build | Blacksmith |
| 19:27 | Queue | Villager (Male) |
| 20:19 | Queue | Knight |
| 20:19 | Queue | Knight |
| 20:21 | Research | Forging |
| 20:23 | Queue | Knight |
| 20:30 | Build | Monastery |
| 20:34 | Queue | Villager (Male) |
| 20:50 | Queue | Knight |
| 20:56 | Research | Husbandry |
| 20:56 | Research | Husbandry |
| 20:59 | Queue | Villager (Male) |
| 21:07 | Queue | Monk |
| 21:16 | Build | Town Center |
| 21:18 | Queue | Villager (Male) |
| 21:23 | Queue | Villager (Male) |
| 21:34 | Build | House |
| 21:41 | Queue | Knight |
| 21:41 | Queue | Knight |
| 21:48 | Research | Bow Saw |
| 21:48 | Research | Bow Saw |
| 21:58 | Queue | Villager (Male) |
| 22:04 | Queue | Monk |
| 22:15 | Research | Iron Casting |
| 22:15 | Research | Iron Casting |
| 22:23 | Queue | Villager (Male) |
| 22:23 | Queue | Villager (Male) |
| 22:39 | Queue | Villager (Male) |
| 23:01 | Queue | Camel Scout |
| 23:15 | Queue | Camel Scout |
| 23:15 | Queue | Camel Scout |
| 23:16 | Queue | Villager (Male) |
| 23:16 | Queue | Villager (Male) |
| 23:23 | Build | Farm |
| 23:23 | Build | Farm |
| 23:23 | Build | Farm |
| 23:35 | Queue | Camel Scout |
| 23:35 | Queue | Camel Scout |
| 23:51 | Queue | Villager (Male) |
| 24:15 | Queue | Villager (Male) |
| 24:17 | Queue | Monk |
| 24:21 | Queue | Villager (Male) |
| 24:21 | Queue | Villager (Male) |
| 24:22 | Build | Farm |
| 24:43 | Queue | Villager (Male) |
| 24:51 | Build | House |
| 24:54 | Build | House |
| 24:56 | Build | House |
| 24:57 | Queue | Camel Scout |
| 24:58 | Queue | Camel Scout |
| 25:07 | Queue | Villager (Male) |
| 25:07 | Queue | Villager (Male) |
| 25:15 | Build | House |
Match timeline
| 5:50 | Fabrizio 094455 · wall_segment Palisade Wall x1 |
| 7:14 | Fabrizio 094455 · wall_segment Palisade Wall x4 |
| 7:30 | Fabrizio 094455 · first_building Barracks |
| 8:05 | PNAL | ChasQuiiX · first_building Barracks |
| 8:18 | Fabrizio 094455 · wall_segment Palisade Wall x5 |
| 8:56 | Fabrizio 094455 · first_building Stable |
| 8:59 | PNAL | ChasQuiiX · age_up feudal |
| 9:00 | PNAL | ChasQuiiX · first_building Stable |
| 9:43 | Fabrizio 094455 · wall_segment Palisade Wall x1 |
| 10:11 | PNAL | ChasQuiiX · wall_segment Palisade Wall x8 |
| 11:59 | PNAL | ChasQuiiX · wall_segment Palisade Wall x1 |
| 13:05 | PNAL | ChasQuiiX · wall_segment Palisade Wall x5 |
| 15:07 | Fabrizio 094455 · wall_segment Palisade Wall x4 |
| 15:07 | Fabrizio 094455 · wall_segment Palisade Wall x6 |
| 15:46 | PNAL | ChasQuiiX · wall_segment Palisade Wall x12 |
| 15:46 | PNAL | ChasQuiiX · wall_segment Palisade Wall x6 |
| 18:38 | PNAL | ChasQuiiX · wall_segment Palisade Wall x1 |
| 20:30 | Fabrizio 094455 · first_building Monastery |
| 21:03 | PNAL | ChasQuiiX · age_up castle |
| 22:41 | PNAL | ChasQuiiX · wall_segment Palisade Wall x1 |
| 26:30 | Fabrizio 094455 · wall_segment Palisade Wall x1 |
| 26:41 | Fabrizio 094455 · first_market_sell 100 wood |
| 26:49 | Fabrizio 094455 · wall_segment Palisade Wall x1 |
| 26:55 | Fabrizio 094455 · wall_segment Palisade Wall x1 |
| 27:10 | PNAL | ChasQuiiX · first_market_sell 100 food |
| 27:23 | PNAL | ChasQuiiX · first_building Monastery |
| 28:01 | Fabrizio 094455 · wall_segment Palisade Wall x1 |
| 28:11 | Fabrizio 094455 · wall_segment Palisade Wall x1 |
| 28:30 | Fabrizio 094455 · first_market_buy 100 food |
| 29:04 | Fabrizio 094455 · wall_segment Palisade Wall x1 |
| 32:35 | Fabrizio 094455 · wall_segment Palisade Wall x1 |
| 38:15 | PNAL | ChasQuiiX · first_market_buy 100 food |
| 40:22 | Fabrizio 094455 · resign |
[ AI ANALYSIS · 1 CREDIT ]
What really happened in this match?
Wolo.gg analyzes every decision: build order, eco, micro, common mistakes by bracket. Personalized analysis on WhatsApp or Discord in 30 seconds.
Civ guide
Sicilians
Perfil
Jugador #3010543